 Dungeon Crawl Stone Soup version 0.24-a0-630-g0d56a851f4 (webtiles) character file.

Game seed: 15367072190013725924, levelgen mode: classic

947 EnegeticOcto the Ducker (level 7, -4/37 HPs)
             Began as a Spriggan Berserker on Sept 5, 2019.
             Was a Priest of Trog.
             Slain by a wight
             ... wielding a +4 battleaxe of freezing
              (8 damage)
             ... on level 6 of the Dungeon on Sept 20, 2019.
             The game lasted 00:09:06 (7322 turns).

EnegeticOcto the Ducker (Spriggan Berserker)        Turns: 7322, Time: 00:09:07

Health: -4/37      AC:  2    Str: 15    XL:     7   Next: 89%
Magic:  8/8        EV: 21    Int:  8    God:    Trog [***...]
Gold:   180        SH:  0    Dex: 16    Spells: 6/6 levels left

rFire    . . .     SeeInvis +   m - +2 long sword
rCold    . . .     Gourm    .   (shield restricted)
rNeg     . . .     Faith    .   k - +0 animal skin
rPois    .         Spirit   .   (helmet restricted)
rElec    .         Reflect  .   (no cloak)
rCorr    .         Harm     .   (gloves unavailable)
MR       +....                  (boots unavailable)
Stlth    +++.......             (no amulet)
HPRegen  0.12/turn              (no ring)
MPRegen  0.11/turn              (no ring)

@: drained, very quick
A: very small, unfitting armour, see invisible, herbivore, speed 3, slow
metabolism 2
a: Berserk, Trog's Hand, Renounce Religion


You were on level 6 of the Dungeon.
You worshipped Trog.
Trog was most pleased with you.
You were not hungry.

You visited 1 branch of the dungeon, and saw 6 of its levels.

You collected 180 gold pieces.

Inventory:

Hand Weapons
 a - a +0 short sword of flaming
 b - a -1 hunting sling
 m - a +2 long sword (weapon)
Missiles
 f - 205 stones
 l - 79 sling bullets
 r - 7 curare-tipped darts (quivered)
 s - 13 poisoned darts
 v - a throwing net {!f}
Armour
 k - a +0 animal skin (worn)
Wands
 z - a wand of acid (11)
Scrolls
 i - a scroll of teleportation {@r3 !r}
 t - a scroll of fog {!r}
 y - 2 scrolls of enchant weapon
Potions
 c - 4 potions of curing {@q1 !q}
 d - a potion of cancellation {unknown}
 g - 2 potions of agility {@q5 !q}
 h - 2 potions of brilliance
 j - a potion of berserk rage {unknown}
 n - 3 potions of heal wounds {@q2 !q}
 o - a potion of ambrosia {unknown}
 q - a potion of flight
 w - a potion of might {unknown}
 A - a potion of experience {unknown}
 B - a potion of mutation {unknown}
Comestibles
 e - 7 rations


   Skills:
 + Level 3.9(3.2) Fighting
 * Level 6.8(6.0) Short Blades
 + Level 3.7(3.0) Slings
 + Level 6.8(6.1) Dodging
 + Level 5.6(4.9) Stealth


You had 6 spell levels left.
You didn't know any spells.
Your spell library was empty.

Dungeon Overview and Level Annotations

Branches:
Dungeon (6/15)             Temple (0/1) D:6

Altars:
Dithmenos
Gozag
Hepliaklqana
Nemelex Xobeh
Qazlal
Trog
Vehumet

Annotations:
D:2 exclusion: adder
D:5 Eustachio


Innate Abilities, Weirdness & Mutations

You are very small and have problems with some larger weapons.
You are too small for most types of armour.
You have supernaturally acute eyesight. (SInv)
You are a herbivore.
You cover ground extremely quickly.
You need to consume almost no food.


Message History

h - 2 potions of brilliance
As you read the scroll of identify {@r1}, it crumbles to dust.
p - a potion of degeneration
Okay, then.
Drop what? 29/52 slots (_ for help) (? for menu, Esc to quit)
You drop a potion of degeneration.
As you read the scroll labeled UGOEWOS SECK, it crumbles to dust.
You feel aware of your surroundings.
You sensed 1 altar, and 1 shop/portal.
It was a scroll of magic mapping.
As you read the scroll of identify {@r1}, it crumbles to dust.
q - a potion of flight
As you read the scroll of remove curse {@r2}, it crumbles to dust.
You feel as if something is helping you.
Drop what? 25/52 slots (_ for help) (? for menu, Esc to quit)
You remove your -2 ring of protection.
You drop a -2 ring of protection.
Found 5 large rocks.
y - 2 scrolls of enchant weapon (gained 1) As you open the door, it creaks loudly!
There is an open door here.
You see here 5 large rocks.
There is an open door here.
You open the door. 4 wights come into view.
A wight is wielding a +4 battleaxe of freezing.
There are monsters nearby!
Press: ? - help, v - describe, . - travel
Here: a wight, wielding a +3 long sword and wearing a +0 robe (resting)
The floor.
Unknown command.
You hit the wight but do no damage.
The wight hits you with a +2 long sword!
You feel drained.
You hit the wight but do no damage. The wight misses you.
You closely miss the wight. You hit the wight but do no damage.
The wight completely misses you.
You hit the wight. You burn the wight.
The wight is moderately damaged.
The wight closely misses you.
You hit the wight. You burn the wight.
The wight is heavily damaged.
You closely miss the wight.
The wight is heavily damaged.
The wight misses you.
You hit the wight. You burn the wight.
The wight is severely damaged.
You hit the wight. You burn the wight.
The wight is almost destroyed.
The wight closely misses you.
You barely miss the wight.
The wight is almost destroyed.
The wight hits you with a +2 long sword.
You feel drained.
You hit the wight. You burn the wight.
You destroy the wight!
Trog accepts your kill.
No target in view!
No target in view!
No target in view!
No target in view!
No target in view!
No target in view!
You start resting.
HP restored.
Things that are here:
a +2 long sword; a +0 robe A quokka zombie comes into view.
There is an open door here.
The helpless wight fails to defend itself.
You impale the wight!! You burn the wight.
You destroy the wight!
Trog accepts your kill.
Found 21 gold pieces.
Things that are here:
a +0 scimitar; a +0 robe
There is an open door here.
Things that are here:
a +2 long sword; a +0 robe
m - a +2 long sword Wield which item (- for none, * to show all)? (? for menu, Esc to quit)
Your +0 short sword of flaming stops flaming.
m - a +2 long sword (weapon)
You hit the wight.
The wight is moderately damaged.
The wight hits you with a +4 battleaxe of freezing!
The wight freezes you.
You hit the wight.
The wight is heavily damaged.
The wight closely misses you.
You completely miss the wight.
The wight is heavily damaged.
The wight misses you.
You barely miss the wight.
The wight is heavily damaged.
The wight hits you with a +4 battleaxe of freezing!
* * * LOW HITPOINT WARNING * * *
You feel drained.
* * * LOW HITPOINT WARNING * * *
The wight freezes you!
You die...

#.# #.....# #.# #.###.# #.# #.#
#.# *********** #.# #.# #.#
*,,,.,,,,,* #.# #.# #.#
***,,,..,,,,* #.# #.# #.#
,**,,,.$.,,,* #.# #.# #.#
,**,,,....,,#########.###.###.###
,,+,,,.....,+.zz@................
,**,,,......#'#######'###........
,,*,,,...Z...).# #..........###
*,****######...# #.............
*,,* #...# #............# **,**
#...# #............# *,,*
***##+##***#.(..........#
***,*****,,,,,,,,,*#............#
,,,,,,,,,,,,,,,,,,*#............#


You could see 2 wights.

Vanquished Creatures
  A water moccasin (D:6)
  A bullfrog (D:6)
  A scorpion (D:5)
  2 wights (D:6)
  A howler monkey (D:4)
  2 hounds
  A centaur skeleton (D:5)
  5 orc wizards
  An orc priest (D:4)
  A bullfrog skeleton (D:4)
  A jelly (D:5)
  An iguana (D:5)
  Natasha (twice) (D:4)
  A worker ant (D:6)
  A worker ant zombie (D:5)
  A howler monkey skeleton (D:6)
  5 gnolls
  2 adders (D:5)
  2 oozes
  2 worms
  4 dart slugs
  4 leopard geckos
  9 orcs
  3 ball pythons
  6 bats
  2 giant cockroaches
  10 goblins
  5 hobgoblins
  4 jackals (D:4)
  11 kobolds
  4 quokkas
  4 frilled lizards
  A leopard gecko skeleton (D:6)
  5 rats
106 creatures vanquished.

Notes
Turn   | Place    | Note
-------+----------+-------------------------------------------
     0 | D:1      | EnegeticOcto the Spriggan Berserker began the quest for the
                  | Orb.
     0 | D:1      | Reached XP level 1. HP: 11/11 MP: 2/2
   242 | D:1      | Reached skill level 1 in Stealth
   256 | D:1      | Reached XP level 2. HP: 13/16 MP: 3/3
   870 | D:1      | Reached XP level 3. HP: 19/19 MP: 4/4
  1081 | D:1      | Reached ** piety under Trog
  1741 | D:2      | Reached skill level 5 in Dodging
  1806 | D:2      | Found a bloodstained altar of Trog.
  2411 | D:3      | Reached XP level 4. HP: 23/23 MP: 5/5
  2553 | D:3      | Found a stormy altar of Qazlal.
  3244 | D:3      | Found a sparkling altar of Nemelex Xobeh.
  3318 | D:3      | Found a shadowy altar of Dithmenos.
  3358 | D:3      | Reached skill level 1 in Slings
  3554 | D:3      | Reached XP level 5. HP: 12/28 MP: 6/6
  3761 | D:3      | Found a radiant altar of Vehumet.
  3761 | D:3      | Found a hazy altar of Hepliaklqana.
  4197 | D:4      | Reached skill level 5 in Short Blades
  4199 | D:4      | Reached *** piety under Trog
  4215 | D:3      | Upgraded the game from 0.24-a0-584-g9d6b971ae4 to
                  | 0.24-a0-630-g0d56a851f4
  4518 | D:4      | Reached XP level 6. HP: 12/32 MP: 7/7
  4883 | D:4      | Noticed Natasha
  4896 | D:4      | Killed Natasha
  5071 | D:4      | Noticed Natasha
  5087 | D:4      | Killed Natasha
  5160 | D:4      | Found an opulent altar of Gozag.
  5224 | D:5      | Entered Level 5 of the Dungeon
  5478 | D:5      | Reached XP level 7. HP: 31/36 MP: 8/8
  5921 | D:5      | Found a sparkling altar of Nemelex Xobeh.
  6542 | D:5      | Noticed Eustachio
  6741 | D:6      | Reached skill level 5 in Stealth
  6931 | D:6      | Found a staircase to the Ecumenical Temple.
  7322 | D:6      | Slain by a wight

Levels and vault maps discovered:
D:1:      mushboom_english_gardens, layout_loops_corners
D:2:      layout_loops_ring, bloody_trog
D:3:      layout_basic, gammafunk_temple_overflow_statue,
          overflow_temple_1_default, overflow_temple_1_default, first_ration,
          st_stairs_13, lemuel_altar_in_water
D:4:      layout_rooms, grunt_gozag_breadcrumbs, uniq_natasha
D:5:      layout_basic, solitary_fountain, lemuel_tele_altar, uniq_eustachio
D:6:      layout_basic, minmay_temple_entry_metal_lava, basic_altar,
          serial_shops, nicolae_shop_stone, uniq_blork_the_orc

Skill      XL: |  1  2  3  4  5  6  7 |
---------------+----------------------+-----
Stealth        | 1 2 3 4 5 |  5.6
Short Blades   | 4 5 6 |  6.8
Dodging        | 5 6 |  6.8
Slings         | 1 2 3 |  3.7
Fighting       | 3 |  3.9

Action                   |  1- 3 |  4- 6 |  7- 9 || total
-------------------------+-------+-------+-------++-------
Melee: Short sword       |    99 |   103 |   117 ||   319
       Long sword        |       |       |     4 ||     4
 Fire: Hunting sling     |    81 |   120 |       ||   201
Throw: Dart              |       |     3 |       ||     3
Invok: Berserk           |     1 |     2 |     1 ||     4
       Trog's Hand       |       |     1 |     1 ||     2
  Use: Scroll            |     5 |     3 |     5 ||    13
 Stab: Sleeping          |     2 |       |     3 ||     5
  Eat: Ration            |       |     2 |     2 ||     4
Armor: Animal skin       |    15 |     7 |     3 ||    25
Dodge: Dodged            |   109 |   115 |    94 ||   318

Table legend:
 A = Non-vault XP
 B = Vault XP
 C = Vault XP percentage of total XP
 D = Non-vault monster count
 E = Vault monster count
 F = Vault count percentage of total count
                 A         B        C        D         E       F
            +---------+---------+-------+---------+---------+-------
      Total |    1314 |      40 |   3.0 |     103 |       3 |   2.8
            +---------+---------+-------+---------+---------+-------
        D:1 |      62 |       0 |   0.0 |      27 |       0 |   0.0
        D:2 |      28 |       0 |   0.0 |      13 |       0 |   0.0
        D:3 |     138 |       5 |   3.5 |      22 |       2 |   8.3
        D:4 |     286 |      35 |  10.9 |      16 |       1 |   5.9
        D:5 |     406 |       0 |   0.0 |      16 |       0 |   0.0
        D:6 |     394 |       0 |   0.0 |       9 |       0 |   0.0
            +---------+---------+-------+---------+---------+-------
